 Dungeon Crawl Stone Soup version 0.26-a0-146-g24f6d3962c (webtiles) character file.

Game seed: 5332184878275414431

2669 bmfx the Grappler (level 9, -6/71 HPs)
             Began as a Ghoul Fire Elementalist on June 29, 2020.
             Was a Priest of Makhleb.
             Killed by divine providence
             ... invoked by an orc priest
              (15 damage)
             ... on level 11 of the Dungeon.
             The game lasted 00:31:07 (9598 turns).

bmfx the Grappler (Ghoul Fire Elementalist)         Turns: 9598, Time: 00:31:08

Health: -6/71      AC:  8    Str: 15    XL:     9   Next: 63%
Magic:  11/11      EV: 12    Int: 10    God:    Makhleb [***...]
Gold:   462        SH:  4    Dex:  9    Spells: 10/11 levels left

rFire    . . .     SeeInvis .     - Unarmed
rCold    + . .     Faith    +   f - +0 buckler
rNeg     + + +     Spirit   .   r - +0 ring mail
rPois    ∞         Reflect  .   C - +0 hat
rElec    .         Harm     .   p - +2 cloak
rCorr    .                      (no gloves)
MR       .....                  (no boots)
Stlth    +.........             w - amulet of faith
HPRegen  0.00/turn              k - ring of wizardry
MPRegen  0.12/turn              (no ring)

@: very slightly contaminated, rotting
A: rotting body, claws 1, carnivore, cold resistance 1, negative energy
resistance 3, inhibited regeneration, torment resistance, unbreathing
a: Minor Destruction, Lesser Servant of Makhleb, Renounce Religion


You were on level 11 of the Dungeon.
You worshipped Makhleb.
Makhleb was most pleased with you.
You were not hungry.

You visited 1 branch of the dungeon, and saw 9 of its levels.
You also visited: Sewer and Ossuary.

You collected 462 gold pieces.


Innate Abilities, Weirdness & Mutations

Your body is rotting away.
You thrive on raw meat.
You are immune to poison.
You have sharp fingernails.
You are carnivorous and can eat meat at any time.
Your flesh is cold resistant. (rC+)
You are immune to negative energy. (rN+++)
You do not regenerate when monsters are visible.
You are immune to unholy pain and torment.
You can survive without breathing.

Dungeon Overview and Level Annotations

Branches:
Dungeon (11/15)            Temple (0/1) D:6           Sewer (visited)
Ossuary (visited)
   Lair: D:8-11         Orc: D:9-12

Altars:
Ashenzari
Elyvilon
Gozag
Hepliaklqana
Makhleb
The Shining One

Annotations:
D:3 Ijyb


   Skills:
 - Level 4.0 Fighting
 + Level 5.2 Dodging
 - Level 2.1 Stealth
 - Level 4.0 Shields
 - Level 10.0 Unarmed Combat
 - Level 1.7 Spellcasting
 - Level 0.7 Conjurations
 - Level 2.4 Fire Magic
 - Level 4.0 Invocations


You had 10 spell levels left.
You knew the following spells:

 Your Spells              Type           Power        Failure   Level  Hunger
A - Foxfire               Conj/Fire      #...         13%         1    ##.....

Your spell library contained the following spells:

 Spells                   Type           Power        Failure   Level  Hunger
 Conjure Flame            Conj/Fire      #.......     36%         3    ####...
 Inner Flame              Hex/Fire       #.......     41%         3    ####...
 Sticky Flame             Conj/Fire      #.......     75%         4    #####..
 Fireball                 Conj/Fire      #.........   97%         5    ######.

Action                   |  1- 3 |  4- 6 |  7- 9 || total
-------------------------+-------+-------+-------++-------
Melee: Unarmed           |    54 |   396 |   367 ||   817
       Punch             |     1 |     3 |     8 ||    12
Throw: Dart              |     3 |    14 |    17 ||    34
 Cast: Foxfire           |    45 |    21 |       ||    66
Invok: Minor Destruction |       |     2 |     1 ||     3
       Lesser Servant of |       |       |    12 ||    12
  Use: Potion            |     3 |     1 |     3 ||     7
       Scroll            |       |    11 |    19 ||    30
 Stab: Sleeping          |       |     1 |       ||     1
       Distracted        |       |       |     2 ||     2
  Eat: Chunk             |    15 |    28 |    13 ||    56
       Ration            |       |       |     1 ||     1
Armor: Robe              |    22 |       |       ||    22
       Ring mail         |     4 |   126 |   113 ||   243
       Leather armour    |       |    46 |     9 ||    55
Dodge: Dodged            |    66 |   204 |   180 ||   450
Block: Buckler           |       |       |    22 ||    22

Skill      XL: |  1  2  3  4  5  6  7  8  9 |
---------------+----------------------------+-----
Fighting       | 1 2 3 4 |  4.0
Unarmed Combat | 1 2 3 4 5 7 10 | 10.0
Invocations    | 2 4 |  4.0
Shields        | 2 4 |  4.0
Dodging        | 5 |  5.2
Stealth        | |  2.1
Spellcasting   | |  1.7
Conjurations   | |  0.7
Fire Magic     | |  2.4

Inventory:

Missiles
 e - 34 poisoned darts (quivered)
 s - 117 stones
 x - a throwing net {!f}
Armour
 f - a +0 buckler (worn)
 p - a +2 cloak (worn)
 r - a +0 ring mail (worn)
 C - a +0 hat (worn)
Jewellery
 k - a ring of wizardry (left claw)
 o - an uncursed ring of fire
 w - an amulet of faith (around neck)
Wands
 u - a wand of enslavement (15)
 G - a wand of acid (5)
Scrolls
 a - a scroll of enchant weapon
 c - 6 scrolls of teleportation {@r1}
 g - a scroll of immolation
 h - 2 scrolls of amnesia
 y - a scroll of remove curse {@r4}
 z - a scroll of enchant armour
 F - a scroll of magic mapping
Potions
 i - 3 potions of mutation
 l - 3 potions of stabbing
 m - 4 potions of flight
 n - 2 potions of magic
 q - 6 potions of curing {@q2}
 v - a potion of cancellation
 A - a potion of brilliance {unknown}
 E - a potion of might {unknown}
Comestibles
 d - 14 rations

......#.****,*****,**
y........**,...#,,,,*
..y......#*,,...,,,**
.y........##,#.#,***
.#.....%.y..##.##*
.#...y......yy..####
§.#......*#.##.!#..##
.§......####z#......#
.......##.#.z...@..#****
.#.#.###...#z##y....#*,**
...#.####.##.....#..#,,,*****
....(.##.....o..#......,,**,**
.#...#.#............<...,*,,,*
........................,,,,***
.....#......#...........,,,**,**
...........#.....(......,,,,,,,*
............#o...,,,,,,,,,,,,,,*


You could see 3 killer bees, 3 wights and an orc priest.

Vanquished Creatures
  A black bear (D:11)
  2 ice beasts
  A phantom (D:6)
  2 centaurs
  2 big kobolds
  2 bullfrogs
  3 scorpions
  2 wights (Ossuary)
  2 crimson imps (D:5)
  2 centaur zombies
  A bullfrog skeleton (D:5)
  A centaur skeleton (D:4)
  4 hounds
  4 worker ants
  A hound skeleton (D:3)
  A worker ant zombie (D:3)
  9 adders
  8 gnolls
  A shadow imp (D:5)
  5 adder zombies
  5 oozes
  2 adder skeletons (D:3)
  9 worms
  5 dart slugs
  5 leopard geckos
  20 orcs
  5 ball pythons
  7 giant cockroaches
  8 hobgoblins
  14 jackals
  2 quokkas
  A ball python skeleton (Ossuary)
  A ball python zombie (D:3)
  17 bats
  4 frilled lizards
  10 goblins
  14 kobolds
  A kobold zombie (Ossuary)
  A leopard gecko skeleton (D:3)
  A leopard gecko zombie (D:3)
  3 orc skeletons (Ossuary)
  A quokka skeleton (D:4)
  4 rats
194 creatures vanquished.

Vanquished Creatures (collateral kills)
  A centaur zombie (D:11)
  A hornet (D:11)
  A wraith (D:11)
  Menkaure (D:7)
  3 ogres
  A killer bee (D:11)
  A wight (D:11)
  A crimson imp (D:6)
  A jelly (D:6)
  A quasit (D:6)
  2 hounds
  An adder (D:6)
  An adder zombie (D:6)
  3 orcs
  A jackal (D:5)
  3 kobolds (D:11)
23 creatures vanquished.

Vanquished Creatures (others)
  An orc wizard (D:3)
  107 foxfires
108 creatures vanquished.

Grand Total: 325 creatures vanquished

Levels and vault maps discovered:
D:1:      matt_arrival_diagonals, layout_basic
D:2:      layout_loops_ring, overflow_temple_1_default, lemuel_crystal_altar,
          bloody_makhleb
D:3:      layout_loops_corners, serial_undead, serial_undead_f, serial_undead_f,
          serial_undead_f, serial_undead_d, serial_undead_a, serial_undead_c,
          portal_sewer_entry_f, first_ration, uniq_ijyb
D:4:      layout_basic, old_standard_altar
D:5:      layout_loops_ring, nicolae_gozag_seed_capital
D:6:      layout_loops_ring, minmay_temple_entry_antechambers
D:7:      layout_basic, okawaru_humans, nicolae_ossuary_entry_ruins, the_bakery,
          minmay_misc_feat_four_crosses, tso_metal_star, uniq_menkaure
D:10:     minmay_the_grid_octo_tiled_squarecenter
          [minmay_the_grid_octo_concentric, minmay_the_grid_octo_toaster,
          minmay_the_grid_octo_fan_narrow, minmay_the_grid_octo_horde,
          minmay_the_grid_square_5x5_megaprize_diamond,
          minmay_the_grid_square_5x5_beaten_path,
          minmay_the_grid_square_5x5_two, minmay_the_grid_square_5x5_trominoes,
          minmay_the_grid_square_5x5_doubleslash], layout_cave_pools
D:11:     layout_cross


Message History

The orc wizard flickers and vanishes!
Okay, then.
Okay, then.
An orc priest comes into view. It is wielding a +0 club.
Unknown command.
Something hits you.
* * * LOW HITPOINT WARNING * * *
Found 14 bolts.
The killer bee buzzes angrily.
You hear an angry buzzing noise.
You block something's attack. Something hits you but does no damage.
Something hits you but does no damage.
Found a puce potion.
Something hits you but does no damage. The killer bee barely misses you.
Found a stone staircase leading up.
Something hits you.
* * * LOW HITPOINT WARNING * * *
The orc priest mumbles some strange prayers to Beogh against you.
Beogh smites you!
You die...

Notes
Turn   | Place    | Note
-------+----------+-------------------------------------------
     0 | D:1      | bmfx the Ghoul Fire Elementalist began the quest for the
                  | Orb.
     0 | D:1      | Reached XP level 1. HP: 14/14 MP: 2/2
   499 | D:1      | Reached skill level 1 in Fighting
   499 | D:1      | Reached skill level 1 in Unarmed Combat
   499 | D:1      | Reached XP level 2. HP: 18/23 MP: 0/3
  1316 | D:2      | Found a shattered altar of Ashenzari.
  1728 | D:2      | Found a burning altar of Makhleb.
  1746 | D:2      | Reached XP level 3. HP: 29/29 MP: 0/4
  1771 | D:2      | Became a worshipper of Makhleb the Destroyer
  1855 | D:2      | Found a white marble altar of Elyvilon.
  1863 | D:2      | Reached skill level 2 in Unarmed Combat
  2139 | D:3      | Reached XP level 4. HP: 23/37 MP: 5/5
  2214 | D:3      | Noticed Ijyb
  2413 | D:2      | Reached skill level 3 in Unarmed Combat
  2457 | D:3      | Reached * piety under Makhleb
  2645 | D:3      | Found a glowing drain.
  2658 | D:3      | Reached XP level 5. HP: 41/45 MP: 6/6
  2724 | Sewer    | Entered a sewer
  3272 | Sewer    | Reached ** piety under Makhleb
  3774 | D:3      | Reached skill level 4 in Unarmed Combat
  4425 | D:3      | Reached XP level 6. HP: 51/51 MP: 7/7
  4602 | D:3      | Reached skill level 5 in Unarmed Combat
  5493 | D:4      | Reached skill level 1 in Invocations
  5600 | D:4      | Reached XP level 7. HP: 54/59 MP: 8/8
  5795 | D:4      | Found a hazy altar of Hepliaklqana.
  6526 | D:5      | Entered Level 5 of the Dungeon
  6543 | D:5      | Reached skill level 6 in Unarmed Combat
  6861 | D:5      | Reached *** piety under Makhleb
  7205 | D:5      | Reached skill level 7 in Unarmed Combat
  7205 | D:5      | Reached XP level 8. HP: 58/66 MP: 10/10
  7210 | D:5      | Found an opulent altar of Gozag.
  7781 | D:6      | Reached skill level 8 in Unarmed Combat
  8009 | D:6      | Reached skill level 9 in Unarmed Combat
  8163 | D:6      | Found a staircase to the Ecumenical Temple.
  8480 | D:7      | Found a glowing golden altar of the Shining One.
  8543 | D:7      | Found a sand-covered staircase.
  8553 | Ossuary  | Entered an ossuary
  8598 | Ossuary  | Reached **** piety under Makhleb
  8649 | Ossuary  | Noticed a wraith
  8649 | Ossuary  | Noticed a flying skull
  8655 | Ossuary  | Noticed a flying skull
  8687 | Ossuary  | Noticed a flying skull
  8694 | Ossuary  | Noticed a flying skull
  8717 | Ossuary  | Reached skill level 10 in Unarmed Combat
  8749 | Ossuary  | Noticed a wraith
  8750 | Ossuary  | Noticed a ynoxinul
  9043 | D:7      | Noticed Menkaure
  9049 | D:7      | Killed Menkaure
  9049 | D:7      | Reached skill level 1 in Shields
  9054 | D:7      | Got a slimy trident
  9055 | D:7      | Identified the cursed +0 trident "Miucusk" {venom, *Rage
                  | rElec Dex+2 Stlth+} (You found it on level 7 of the
                  | Dungeon)
  9147 | D:7      | Reached XP level 9. HP: 70/71 MP: 11/11
  9220 | D:7      | You fall into a shaft and drop 3 floors!
  9220 | D:10     | Entered Level 10 of the Dungeon
  9380 | D:10     | Noticed a cyan ugly thing
  9449 | D:11     | Noticed a red ugly thing
  9449 | D:11     | Noticed a two-headed ogre
  9502 | D:11     | Noticed a hornet
  9553 | D:11     | Killed a hornet
  9553 | D:11     | Reached skill level 5 in Dodging
  9587 | D:11     | Noticed a cyclops
  9598 | D:11     | Killed from afar by an orc priest
